 Dungeon Crawl Stone Soup version 0.31-a0-845-g9abc20d24f (webtiles) character file.

Game seed: 10696900347024130724

142 Flugkiller the Cutter (level 5, -2/28 HPs)
             Began as a Vine Stalker Gladiator on Oct 1, 2023.
             Slain by an orc
             ... wielding a +0 short sword
              (3 damage)
             ... on level 4 of the Dungeon.
             The game lasted 00:01:20 (2031 turns).

Flugkiller the Cutter (Vine Stalker Gladiator)      Turns: 2031, Time: 00:01:20

Health: -2/28      AC:  5    Str: 17    XL:     5   Next: 25%
Magic:  0/6        EV: 13    Int:  8    God:
Gold:   109        SH:  0    Dex: 17    Spells: 4/4 levels left

rFire   . . .        a - +0 rapier
rCold   . . .        (no shield)
rNeg    . . .        b - +0 leather armour
rPois   .            c - +0 helmet
rElec   .            (no cloak)
rCorr   .            (no gloves)
SInv    +            j - +0 pair of boots
Will    .....        (no amulet)
Stlth   +            i - ring of see invisible
HPRegen 1.04/turn    (no ring)
MPRegen 0.10/turn

%: guardian spirit
@: no status effects
A: fangs 2, regeneration 1, magic shield, antimagic bite, no potion heal 2
a: no special abilities


You were on level 4 of the Dungeon.
You visited 1 branch of the dungeon, and saw 4 of its levels.

You collected 109 gold pieces.

Inventory:

Hand Weapons
 a - a +0 rapier (weapon)
Missiles
 e - a javelin
 p - 3 throwing nets (quivered)
Armour
 b - a +0 leather armour (worn)
 c - a +0 helmet (worn)
 j - a +0 pair of boots (worn)
   (You found it on level 1 of the Dungeon)
Jewellery
 i - a ring of see invisible (left hand)
   (You found it on level 2 of the Dungeon)
Scrolls
 f - 2 scrolls of torment
 l - a scroll of teleportation {unknown}
 m - a scroll of poison {unknown}
 n - a scroll of noise {unknown}
 r - a scroll of revelation {unknown}
 t - a scroll of vulnerability {unknown}
Potions
 d - 3 potions of might
 g - a potion of attraction {unknown}
 h - a potion of mutation {unknown}
 k - 2 potions of heal wounds {unknown}
 o - a potion of enlightenment {unknown}
 q - 2 potions of curing
 s - a potion of invisibility {unknown}
 u - a potion of degeneration {unknown}


   Skills:
 + Level 3.1 Fighting
 + Level 3.7 Short Blades
 - Level 1.7 Throwing
 + Level 3.3 Dodging


You had 4 spell levels left.
You didn't know any spells.
Your spell library was empty.

Dungeon Overview and Level Annotations

Branches:
Dungeon (4/15) Zot: 21963
 Temple: D:4-7

Altars:
Xom

Shops:
D:2 (


Innate Abilities, Weirdness & Mutations

You have extremely sharp teeth.
Your natural rate of healing is unusually fast.
When hurt, damage is shared between your health and your magic reserves.
Your bite disrupts and absorbs the magic of your enemies.
Potions cannot restore your health.


Message History

You kill the ball python!
No target in view!
No target in view!
No target in view!
No target in view!
No target in view!
No target in view!
No target in view!
No target in view!
No target in view!
An adder comes into view.
The adder moves out of view.
An adder is nearby!
An adder is nearby!
No target in view!
No target in view!
No target in view!
No target in view!
No target in view!
No target in view!
No target in view!
An adder is nearby!
The adder hisses angrily.
You closely miss the adder. You bite the adder, but do no damage.
The adder bites you.
You barely miss the adder. The adder bites you but does no damage.
You puncture the adder! You bite the adder, but do no damage.
The adder is severely wounded.
The adder misses you. The adder bites you.
You are poisoned.
The adder poisons you!
You puncture the adder!
You kill the adder!
You feel sick.
No target in view!
No target in view!
No target in view!
No target in view!
You feel sick.
You feel sick.
You feel sick.
You are no longer poisoned.
You now have 102 gold pieces (gained 11).
You now have 109 gold pieces (gained 7).
Magic restored.
Found a shimmering altar of Xom.
An orc comes into view. It is wielding a +0 whip.
An orc is nearby!
An orc is nearby!
The orc shouts!
You hear an angry hiss.
You barely miss the orc. You bite the orc. You drain its power.
The orc is severely wounded.
The orc barely misses you.
You closely miss the orc. You bite the orc. You drain its power.
The orc is almost dead.
The orc barely misses you.
You hit the orc.
You kill the orc!
No target in view!
No target in view!
No target in view!
No target in view!
An orc priest comes into view. It is wielding a +0 morningstar.
The orc priest shouts!
You hear a shout! x2
An orc priest is nearby!
An orc priest is nearby!
An orc comes into view. It is wielding a +0 dagger.
The orc priest misses you.
You hit the orc priest.
You bite the orc priest, but do no damage.
The orc priest is moderately wounded.
An orc comes into view. It is wielding a +0 short sword.
The orc priest mumbles some strange prayers to Beogh against you.
Beogh smites you!
You closely miss the orc priest.
You punch the orc priest, but do no damage.
Your bite misses the orc priest.
The orc priest is moderately wounded.
The orc priest misses you.
You hit the orc priest. Your bite misses the orc priest.
The orc priest is heavily wounded.
The orc hits you with a +0 dagger.
The orc priest miscasts a cantrip.
You hit the orc priest.
The orc priest is severely wounded.
The orc priest hits you with a +0 morningstar!
The orc closely misses you.
You closely miss the orc priest. Your bite misses the orc priest.
The orc priest is severely wounded.
The orc priest hits you with a +0 morningstar!
* * * LOW HITPOINT WARNING * * *
You are too injured to fight recklessly!
You are too injured to fight recklessly!
You hit the orc priest.
The orc priest is almost dead.
The orc misses you.
The orc priest hits you with a +0 morningstar!
* * * LOW HITPOINT WARNING * * *
The orc hits you with a +0 short sword.
You die...

........#...#####.#
..................#
..............##..#
..............#
..............#
###...........#
..##..........#
...#....########..#
...#........@o....#
._.####.##..oo....#
... #)##........#
.. #.##........#
#.##........#
#.##........#
..##........#
..##........# ..#


You could see an orc priest and 2 orcs.

Vanquished Creatures
  A howler monkey (D:4)
  Jessica (D:2)
  An adder (D:4)
  2 dart slugs (D:1)
  2 orcs (D:4)
  5 endoplasms
  2 giant cockroaches
  7 goblins
  5 hobgoblins
  6 kobolds
  A quokka (D:1)
  12 ball pythons
  6 bats
  A frilled lizard (D:1)
  6 rats
58 creatures vanquished.

Notes
Turn   | Place    | Note
-------+----------+-------------------------------------------
     0 | D:1      | Flugkiller the Vine Stalker Gladiator began the quest for
                  | the Orb.
     0 | D:1      | Reached XP level 1. HP: 11/11 MP: 2/2
   127 | D:1      | Reached XP level 2. HP: 11/15 MP: 1/3
   437 | D:1      | Reached XP level 3. HP: 18/18 MP: 4/4
   847 | D:2      | Found a faded altar of an unknown god.
   852 | D:2      | Found Apugh's Antique Weapon Boutique.
   896 | D:2      | Noticed Jessica
   911 | D:2      | Killed Jessica
   912 | D:2      | Reached XP level 4. HP: 23/23 MP: 5/5
  1510 | D:3      | Identified the +7 giant spiked club of Biff {holy, rN+
                  | Will- rCorr Str+4}
  1539 | D:3      | Identified the +0 trident of Trauma {flame, rPois}
  1989 | D:4      | Reached XP level 5. HP: 27/28 MP: 6/6
  2014 | D:4      | Found a shimmering altar of Xom.
  2031 | D:4      | HP: 1/28 [orc priest/+0 morningstar (7)]
  2031 | D:4      | Slain by an orc

Illustrated notes

Levels and vault maps discovered:
D:1:      wander_arrival_fairy_ring, layout_basic
D:2:      layout_loops_ring, serial_shops, shop, ebering_ecumenical_altar_rust,
          uniq_jessica
D:3:      layout_loops_ring, hex_large
D:4:      layout_basic, amethyst_overflow_temple_binary,
          mainiacjoe_overflow_cross_hatched, dk_xom_monty_hall, serial_shops,
          shop_fountains, minmay_mini_ossuary

Skill      XL: |  1  2  3  4 |
---------------+-------------+-----
Fighting       | 2 3 |  3.1
Short Blades   | 3 |  3.7
Dodging        | 3 |  3.3
Throwing       | |  1.7

Action                     |  1- 3 |  4- 6 || total
---------------------------+-------+-------++-------
  Melee: Rapier            |    77 |    61 ||   138
         Bite              |    17 |    15 ||    32
         Punch             |       |     3 ||     3
    Use: Scroll            |       |     3 ||     3
   Stab: Sleeping          |     1 |     1 ||     2
 Armour: Leather armour    |    36 |    26 ||    62
  Dodge: Dodged            |    56 |    38 ||    94

Table legend: (Time is in decaauts)
 A = Elapsed time spent in this place.
 B = Non-inter-level travel time spent in this place.
 C = Inter-level travel time spent in this place.
 D = Time resting spent in this place.
 E = Time spent auto-exploring this place.
 F = Levels seen in this place.
 G = Mean time per level.
                   A        B        C        D        E       F      G
               +--------+--------+--------+--------+--------+-----+--------+
         Total |   2035 |   1911 |    124 |     19 |   1505 |   4 |  508.8 |
       Dungeon |   2035 |   1911 |    124 |     19 |   1505 |   4 |  508.8 |
               +--------+--------+--------+--------+--------+-----+--------+

Top non-repeatable levels by time:
     D:1: 744 daAuts
     D:3: 662 daAuts
     D:2: 568 daAuts
     D:4: 59 daAuts
